 Dungeon Crawl Stone Soup version 0.28-a0-1594-ga885d4b3d6 (webtiles) character file.

Game seed: 15396093323054406634

46 Sweetruy1997 the Conjurer (level 3, -1/14 HPs)
             Began as a Felid Conjurer on Jan 20, 2022.
             Killed from afar by Sigmund (12 damage)
             ... with a puff of flame
             ... on level 2 of the Dungeon.
             The game lasted 00:02:43 (2133 turns).

Sweetruy1997 the Conjurer (Felid Conjurer)          Turns: 2133, Time: 00:02:45

Health: -1/14      AC:  1    Str:  5    XL:     3   Next: 46%
Magic:  0/7        EV: 17    Int: 19    God:
Gold:   48         SH:  0    Dex: 14    Spells: 2/6 levels left
                                        Lives:  0   Deaths: 0

rFire   . . .      SeeInvis +   (weapon unavailable)
rCold   . . .      Faith    .   (shield unavailable)
rNeg    . . .      Spirit   .   (armour unavailable)
rPois   .          Reflect  .   (helmet unavailable)
rElec   .          Harm     .   (cloak unavailable)
rCorr   .          Rampage  .   (gloves unavailable)
Will    .....                   (boots unavailable)
Stlth   ++........              (no amulet)
HPRegen 0.04/turn               (no ring)
MPRegen 0.10/turn               (no ring)

@: quick
A: very small, claws 1, fangs 3, see invisible, speed 1, shaggy fur 1, stealthy
paws, no weapons or thrown items, no armour, multi-lived
a: no special abilities


You were on level 2 of the Dungeon.
You visited 1 branch of the dungeon, and saw 2 of its levels.

You collected 48 gold pieces.

Inventory:

Scrolls
 a - a scroll of noise {unknown}
 e - a scroll of amnesia {unknown}
Potions
 b - a potion of might {unknown}
 c - a potion of attraction {unknown}
 d - a potion of flight {unknown}


   Skills:
 + Level 3.0 Dodging
 + Level 2.7 Stealth
 + Level 2.3 Spellcasting
 + Level 4.5 Conjurations


You had 2 spell levels left.
You knew the following spells:

 Your Spells              Type           Power      Damage    Failure   Level
a - Magic Dart            Conj           76%        1d6       2%          1
b - Searing Ray           Conj           38%        2d5       3%          2
c - Beastly Appendage     Tmut           4%         N/A       17%         1

Your spell library contained the following spells:

 Spells                   Type           Power      Damage    Failure   Level
 Wereblood                Tmut           2%         N/A       26%         2
 Dazzling Flash           Conj/Hex       20%        N/A       19%         3
 Spider Form              Tmut/Pois      2%         N/A       45%         3
 Fulminant Prism          Conj/Hex       5%         3d7       54%         4
 Iskenderun's Mystic Bla  Conj/Tloc      10%        2d4       54%         4


Dungeon Overview and Level Annotations

Branches:
Dungeon (2/15)

Altars:

Annotations:
D:2 Sigmund


Innate Abilities, Weirdness & Mutations

You have sharp claws.
You have razor-sharp teeth.
You have supernaturally acute eyesight. (SInv)
You cover ground quickly. (Speed+)
You are covered in fur. (AC +1)
Your paws help you pounce on unaware monsters.
You are incapable of wielding weapons or throwing items.
You cannot wear armour.
You gain extra lives every three experience levels.


Message History

Your transformation is almost over.
Sigmund gestures wildly while chanting.
Sigmund flickers and vanishes for a moment.
You're too confused to move!
You feel less confused.
Casting: Beastly Appendage (safe; 17% risk of failure)
Confirm with . or Enter, or press ? or * to list all spells.
You extend your transformation's duration.
Your transformation is almost over.
You barely miss the giant cockroach. The giant cockroach misses you.
You scratch the giant cockroach.
The giant cockroach is heavily wounded.
The giant cockroach barely misses you.
You scratch the giant cockroach but do no damage.
The giant cockroach is heavily wounded.
The giant cockroach closely misses you. Sigmund barely misses you.
You scratch the giant cockroach. Your bite misses the giant cockroach.
The giant cockroach is severely wounded.
The giant cockroach bites you. Sigmund closely misses you.
The giant cockroach waves its antennae.
The giant cockroach closely misses you.
You closely miss the giant cockroach.
The giant cockroach is severely wounded.
The giant cockroach bites you.
The magic dart hits the giant cockroach but does no damage.
The giant cockroach is severely wounded.
Sigmund misses you. The giant cockroach closely misses you.
You closely miss the giant cockroach. You headbutt the giant cockroach.
You kill the giant cockroach!
Sigmund misses you.
The kobold throws a stone.
The stone closely misses Sigmund.
The stone hits you but does no damage.
You see here a giant cockroach corpse.
You barely miss Sigmund.
Sigmund is moderately wounded.
Your horns disappear.
Sigmund points at you and mumbles some strange words.
The puff of flame hits you!
Ouch! That really hurt!
You die...

#........#+##
###...?.....#
#..#......#
######.#).....#
#.............#
#....##.......#
#....##K####+##
#########.)..##@#
#............##@#
#.#######.[<.##.#
#.# ######..##..#
#.# #.#########.#
#.# ##.#.♣.# .#
#.# #..#..8## .#
#.# #..#.P..# ..
#.# #..'.._.# #.
#.###..#PPP.# ..


You could see Sigmund (invisible) and a kobold.

Vanquished Creatures
  An adder (D:2)
  A worm (D:2)
  2 dart slugs
  3 endoplasms
  2 giant cockroaches
  4 goblins
  2 hobgoblins (D:1)
  2 ball pythons
  4 bats (D:1)
  A frilled lizard (D:2)
  2 kobolds (D:1)
  6 rats
30 creatures vanquished.

Vanquished Creatures (others)
  4 plants (D:2)
4 creatures vanquished.

Grand Total: 34 creatures vanquished

Notes
Turn   | Place    | Note
-------+----------+-------------------------------------------
     0 | D:1      | Sweetruy1997 the Felid Conjurer began the quest for the
                  | Orb.
     0 | D:1      | Reached XP level 1. HP: 7/7 MP: 4/4
   531 | D:1      | Reached XP level 2. HP: 11/11 MP: 4/6
   568 | D:1      | Reached skill level 4 in Conjurations
   971 | D:1      | Learned a level 2 spell: Searing Ray
   973 | D:1      | Learned a level 1 spell: Beastly Appendage
  1584 | D:2      | Reached XP level 3. HP: 4/14 MP: 3/7
  1966 | D:2      | Found a faded altar of an unknown god.
  2107 | D:2      | Noticed Sigmund
  2133 | D:2      | Killed from afar by Sigmund

Illustrated notes

Levels and vault maps discovered:
D:1:      dpeg_arrival_another_circle, layout_basic
D:2:      layout_basic, basic_altar, chequers_ecumenical_altar_lobes,
          uniq_sigmund

Skill      XL: |  1  2 |
---------------+-------+-----
Conjurations   | 4 |  4.5
Dodging        | 3 |  3.0
Stealth        | |  2.7
Spellcasting   | |  2.3

Action                   || total
-------------------------++-------
Melee: Unarmed           ||    23
       Bite              ||     1
       Headbutt          ||     2
 Cast: Magic Dart        ||    59
       Beastly Appendage ||     3
Armor: Skin              ||     2
Dodge: Dodged            ||    26

Table legend: (Time is in decaauts)
 A = Elapsed time spent in this place.
 B = Non-inter-level travel time spent in this place.
 C = Inter-level travel time spent in this place.
 D = Time resting spent in this place.
 E = Time spent auto-exploring this place.
 F = Levels seen in this place.
 G = Mean time per level.
                   A        B        C        D        E       F      G
               +--------+--------+--------+--------+--------+-----+--------+
         Total |   1960 |   1931 |     29 |    207 |   1579 |   2 |  980.0 |
       Dungeon |   1960 |   1931 |     29 |    207 |   1579 |   2 |  980.0 |
               +--------+--------+--------+--------+--------+-----+--------+

Top non-repeatable levels by time:
     D:1: 1428 daAuts
     D:2: 531 daAuts
